 Dungeon Crawl Stone Soup version 0.32-a0-560-g4c7f4391e0 (webtiles) character file.

Game seed: 13194103540396865266

654 grandjackal the Trooper (level 7, -11/57 HPs)
             Began as a Demonspawn Gladiator on Feb 29, 2024.
             Killed by divine providence
             ... invoked by an orc priest
              (14 damage)
             ... on level 5 of the Dungeon.
             The game lasted 00:04:27 (3181 turns).

grandjackal the Trooper (Demonspawn Gladiator)      Turns: 3181, Time: 00:04:27

Health: -11/57     AC:  7    Str: 12 (14) XL:     7   Next: 29%
Magic:  0/7        EV: 12    Int:  6 (8)  God:
Gold:   155        SH:  0    Dex: 22 (23) Spells: 6/6 levels left

rFire   + . .        a - +0 long sword
rCold   + . .        (no shield)
rNeg    . . .        p - +0 ring mail
rPois   +            c - +0 helmet
rElec   +            (no cloak)
rCorr   +            (no gloves)
SInv    .            (no boots)
Will    +....        m - amulet of guardian spirit
Stlth   +            l - +6 ring of dexterity
HPRegen 0.29/turn    u - +4 ring of slaying
MPRegen 0.10/turn

%: guardian spirit
@: mighty, resistant, attractive, enlightened, flying, hasted, studying Maces &
Flails, very quick
A: powered by pain 2, sharp scales 1
a: Convert to Beogh


You were on level 5 of the Dungeon.
You visited 1 branch of the dungeon, and saw 5 of its levels.

You collected 155 gold pieces.

Inventory:

Hand Weapons
 a - a +0 long sword (weapon)
 y - a +1 dagger of venom
Missiles
 d - 4 throwing nets (quivered)
 e - a javelin
Armour
 c - a +0 helmet (worn)
 p - a +0 ring mail (worn)
Jewellery
 l - a +6 ring of dexterity (left hand)
 m - an amulet of guardian spirit (around neck)
 u - a +4 ring of slaying (right hand)
Wands
 r - a wand of flame (33)
 A - a wand of digging (6)
Scrolls
 b - a scroll of amnesia {unknown}
 f - a scroll of identify
 g - 2 scrolls of fog {unknown}
 h - a scroll of enchant armour {unknown}
 k - 3 scrolls of teleportation {unknown}
 o - a scroll of blinking {unknown}
 s - a scroll of enchant weapon {unknown}
 t - 2 scrolls of torment {unknown}
 x - a scroll of noise {unknown}
Potions
 j - a potion of might
 n - a potion of enlightenment
 q - a potion of haste
 v - a potion of degeneration


   Skills:
 + Level 5.8 Fighting
 - Level 4.0 Long Blades
 - Level 2.0 Throwing
 + Level 3.6 Armour
 - Level 3.0 Dodging


You had 6 spell levels left.
You didn't know any spells.
Your spell library contained the following spells:

 Spells                   Type           Power      Damage    Failure   Level
 Apportation              Tloc           0%         N/A       71%         1
 Magic Dart               Conj           0%         1d3       71%         1
 Jinxbite                 Hex            0%         N/A       85%         2
 Searing Ray              Conj           0%         2d4       85%         2
 Fulminant Prism          Conj/Alch      0%         3d5       100%        4
 Alistair's Intoxication  Alch           0%         N/A       100%        5


Dungeon Overview and Level Annotations

Branches:
Dungeon (5/15)
 Temple: D:4-7

Altars:
Dithmenos

Shops:
D:3 ?!

Annotations:
D:5 Pikel


Innate Abilities, Weirdness & Mutations

You sometimes gain power by taking damage.
You are partially covered in razor-sharp scales. (AC +1, Slay +1)


Message History

* * * LOW HITPOINT WARNING * * *
You focus on the pain.
You feel your power returning. The orc hits you with a +0 mace.
* * * LOW HITPOINT WARNING * * *
The lemure completely misses you. Something hits you.
It was a potion of enlightenment.
You feel very buoyant.
You fly up into the air.
The orc closely misses you. The lemure misses you.
Something hits you but does no damage.
It was a potion of attraction.
You feel attractive to monsters. The orc barely misses you.
The lemure misses you. Something hits you but does no damage.
The orc is attracted toward you.
It was a potion of degeneration.
There was something very wrong with that liquid.
You feel weakened.
You feel dopey.
You feel clumsy. The orc hits you but does no damage.
The lemure hits you but does no damage. Something hits you but does no damage.
It was a potion of haste.
You feel yourself speed up. The orc closely misses you. The lemure misses you.
Something hits you.
It was a potion of curing.
You feel better. The orc hits you but does no damage.
Pikel says, "Time is money, and you're costing me too much!"
It was a potion of resistance.
You feel protected. The orc barely misses you. The lemure barely misses you.
You slash the lemure!
The lemure is heavily wounded.
The orc hits you with a +0 mace.
* * * LOW HITPOINT WARNING * * *
The lemure hits you.
* * * LOW HITPOINT WARNING * * *
You barely miss the lemure.
The lemure is heavily wounded.
You barely miss the lemure.
The lemure is heavily wounded.
The orc barely misses you. The lemure barely misses you.
The orc priest mumbles some strange prayers to Beogh against you.
Beogh smites you!
You die...

..
#..##.#
.
##....#
#....##
##....#
#oWK##
##55#
#o.#
#o5#
##@#
###


You could see Pikel, 3 lemures, a phantom, an orc priest and 2 orcs.

Vanquished Creatures
  An ogre (D:5)
  A bombardier beetle (D:4)
  3 orc priests
  A jelly (D:4)
  A gnoll bouda (D:4)
  An iguana (D:3)
  A sleepcap (D:5)
  Jessica (D:3)
  4 orc wizards
  Ijyb (D:5)
  4 gnolls
  4 adders
  2 dart slugs
  21 orcs
  9 endoplasms
  A giant cockroach (D:2)
  3 goblins
  10 hobgoblins
  4 jackals (D:1)
  6 ball pythons
  4 bats
  3 frilled lizards
  8 kobolds
  A rat (D:1)
95 creatures vanquished.

Notes
Turn   | Place    | Note
-------+----------+-------------------------------------------
     0 | D:1      | grandjackal the Demonspawn Gladiator began the quest for
                  | the Orb.
     0 | D:1      | Reached XP level 1. HP: 16/16 MP: 1/1
   227 | D:1      | Gained mutation: You sometimes gain a little power by
                  | taking damage. [demonic ancestry]
   227 | D:1      | Reached XP level 2. HP: 20/22 MP: 2/2
   467 | D:1      | Reached XP level 3. HP: 26/28 MP: 3/3
  1096 | D:2      | Reached skill level 3 in Fighting
  1271 | D:3      | Found Dunnuet's Magic Scroll Shop.
  1282 | D:2      | Gained mutation: You sometimes gain power by taking damage.
                  | [demonic ancestry]
  1282 | D:2      | Reached XP level 4. HP: 14/35 MP: 2/4
  1504 | D:3      | Found Gawo's Distillery.
  1593 | D:3      | Reached XP level 5. HP: 42/42 MP: 5/5
  1643 | D:3      | Noticed Jessica
  1648 | D:3      | Killed Jessica
  1649 | D:3      | Reached skill level 4 in Fighting
  1689 | D:3      | Reached skill level 1 in Armour
  1790 | D:3      | Found a faded altar of an unknown god.
  1935 | D:4      | Found a shadowy altar of Dithmenos.
  2027 | D:4      | Gained mutation: You are partially covered in razor-sharp
                  | scales. (AC +1, Slay +1) [demonic ancestry]
  2027 | D:4      | Reached XP level 6. HP: 9/49 MP: 1/6
  2818 | D:4      | Reached skill level 5 in Fighting
  2879 | D:5      | Entered Level 5 of the Dungeon
  3002 | D:5      | Noticed Ijyb
  3010 | D:5      | Killed Ijyb
  3011 | D:5      | Reached XP level 7. HP: 54/56 MP: 5/7
  3148 | D:5      | Noticed Pikel
  3171 | D:5      | HP: 2/57 [orc/+0 mace (2)]
  3181 | D:5      | Killed from afar by an orc priest

Illustrated notes

Levels and vault maps discovered:
D:1:      mrwooster_arrival_statue_2, layout_basic
D:2:      layout_basic
D:3:      layout_rooms, serial_shops, nicolae_shop_tiny_statue_garden,
          shop_statue, nicolae_ecumenical_oubliette, uniq_jessica
D:4:      layout_loops_cross, old_standard_altar
D:5:      layout_cave_pods, uniq_eustachio, uniq_pikel, uniq_ijyb

Skill      XL: |  1  2  3  4  5  6 |
---------------+-------------------+-----
Throwing       | 2 |  2.0
Long Blades    | 3 4 |  4.0
Dodging        | 3 |  3.0
Fighting       | 3 4 5 |  5.8
Armour         | 1 3 |  3.6

Action                     |  1- 3 |  4- 6 |  7- 9 || total
---------------------------+-------+-------+-------++-------
  Melee: Long sword        |   113 |   152 |    13 ||   278
    Use: Potion            |       |       |     7 ||     7
         Scroll            |       |       |     1 ||     1
   Stab: Sleeping          |     1 |     1 |       ||     2
         Distracted        |       |     1 |       ||     1
 Armour: Leather armour    |    36 |       |       ||    36
         Ring mail         |    33 |    99 |    26 ||   158
  Dodge: Dodged            |    83 |   100 |    20 ||   203

Table legend: (Time is in decaauts)
 A = Elapsed time spent in this place.
 B = Non-inter-level travel time spent in this place.
 C = Inter-level travel time spent in this place.
 D = Time resting spent in this place.
 E = Time spent auto-exploring this place.
 F = Levels seen in this place.
 G = Mean time per level.
                   A        B        C        D        E       F      G
               +--------+--------+--------+--------+--------+-----+--------+
         Total |   3239 |   3161 |     78 |    281 |   2124 |   5 |  647.8 |
       Dungeon |   3239 |   3161 |     78 |    281 |   2124 |   5 |  647.8 |
               +--------+--------+--------+--------+--------+-----+--------+

Top non-repeatable levels by time:
     D:4: 990 daAuts
     D:1: 747 daAuts
     D:2: 688 daAuts
     D:3: 508 daAuts
     D:5: 306 daAuts
